AoeStats
← JamesNewstedd

Hideout

507713843Analyzed
1v1 RM · 12d ago on Sep 19, 2026· 29m 19s· 2 players
Game mode
Random Map
Map size
Tiny (2 player)
Population
200
Speed
Normal
Resources
Standard
Victory
Conquest
Starting age
Dark Age
Ending age
Imperial Age
RankedLock teamsTeams togetherTeam positionsShared explorationLock speedFull tech treeHidden civsTurbo modeCheats
Victory
Defeat
🇩🇪 Koreans · Germany
1761
+14
🇨🇳 Berbers · China
1717
-14
Peace
10:31 Feudal Age
10:39 Loom
17:28 Castle Age
15:27 Horse Collar
17:46 Double-Bit Axe
19:48 Bow Saw
21:46 Gold Mining
22:44 Town Watch
22:51 Fletching
24:40 Bodkin Arrow
27:09 Husbandry
27:29 Padded Archer Armor
29:06 Bloodlines
JamesNewstedd
6:44 Loom
8:50 Feudal Age
8:57 Man-at-Arms
9:44 Double-Bit Axe
12:46 Arson
15:03 Town Watch
15:02 Horse Collar
15:30 Fletching
17:41 Wheelbarrow
21:49 Castle Age
20:27 Gold Mining
22:46 Bow Saw
23:19 Squires
23:21 Scale Mail Armor
24:23 Chain Mail Armor
25:14 Forging
Connection lost

Rejoining the realm…

Still unreachable

The connection could not be restored.

Session expired

The server has moved on; the page needs a fresh start.